 Dungeon Crawl Stone Soup version 0.18.1-48-g4cf74bf (webtiles) character file.

660 Heedrag the Chopper (level 7, 0/61 HPs)
             Began as a Minotaur Fighter on Aug 13, 2016.
             Succumbed to a killer bee's poison
             ... on level 3 of the Dungeon.
             The game lasted 00:04:18 (2251 turns).

Heedrag the Chopper (Minotaur Fighter)              Turns: 2251, Time: 00:04:18

Health: 0/61       AC:  8    Str: 23    XL:     7   Next: 30%
Magic:  6/6        EV:  8    Int: 10    God:
Gold:   179        SH:  9    Dex:  9    Spells: 0 memorised, 6 levels left

rFire  + . .     SeeInvis .     a - +0 war axe
rCold  . . .     Gourm    .     b - +0 scale mail
rNeg   . . .     Faith    .     c - +0 shield
rPois  .         Spirit   .     (helmet restricted)
rElec  .         Dismiss  .     y - +0 cloak
rCorr  .         Reflect  .     (no gloves)
SustAt .         Harm     .     (no boots)
MR     +....                    (no amulet)
Stlth  ..........               r - ring of protection from magic
                                e - ring of protection from fire

@: brilliant, lethally poisoned (0 -> -21), somewhat resistant to hostile
enchantments, extremely unstealthy
A: retaliatory headbutt, horns 2
a: no special abilities


You were on level 3 of the Dungeon.
You were hungry.

You visited 1 branch of the dungeon, and saw 4 of its levels.

You collected 179 gold pieces.

Inventory:

Hand Weapons
 a - a +0 war axe (weapon)
 p - a +0 dagger of venom
 s - a +0 club
 x - a +3 quarterstaff of chaos
Armour
 b - a +0 scale mail (worn)
 c - a +0 shield (worn)
 y - a +0 cloak (worn)
Jewellery
 e - a ring of protection from fire (left hand)
 r - a ring of protection from magic (right hand)
Scrolls
 i - 3 scrolls of enchant armour {unknown}
 j - 2 scrolls of teleportation {unknown}
 l - a scroll of random uselessness {unknown}
 m - 7 scrolls of identify {unknown}
 n - 3 scrolls of remove curse {unknown}
 o - a scroll of fog {unknown}
 u - a scroll of immolation {unknown}
 w - a scroll of enchant weapon {unknown}
 z - a scroll of amnesia {unknown}
 A - a scroll of recharging {unknown}
Potions
 d - 2 potions of might
 h - 2 potions of lignification {unknown}
 q - a potion of berserk rage {unknown}
 t - 2 potions of curing {unknown}
Comestibles
 f - 2 bread rations
 k - 5 fruits
 v - 4 chunks of flesh


   Skills:
 + Level 5.2 Fighting
 * Level 7.4 Axes
 + Level 5.1 Armour
 + Level 3.1 Dodging
 - Level 3.6 Shields


You had 6 spell levels left.
You didn't know any spells.

Dungeon Overview and Level Annotations

Branches:
Dungeon (4/15)
 Temple: D:4-7

Altars:

Annotations:
D:4 Eustachio


Innate Abilities, Weirdness & Mutations

You reflexively headbutt those who attack you in melee.
You have a pair of horns on your head.


Message History

Tha killer bee be almost dead.
* * * LOW HITPOINT WARNIN'
* * * Ye feel sick.
Tha killer bee stin's ye.
* * * LOW HITPOINT WARNIN'
* * * Ye block tha killer bee's attack.
Ye hit tha killer bee but do nay damage.
Tha killer bee be almost dead.
* * * LOW HITPOINT WARNIN'
* * * Ye feel sick.
Tha killer bee stin's ye.
* * * LOW HITPOINT WARNIN'
* * * Ye be more poison'd.
Tha killer bee poisons ye!
Tha killer bee stin's ye.
* * * LOW HITPOINT WARNIN'
* * * Tha killer bee closely misses ye.
Ye furiously retaliate!
Ye headbutt tha killer bee!
Ye kill tha killer bee!
Drink which item? (? fer menu, 'sc ta quit) It was a potion o' brilliance.
Ye feel cle'er all o' a sudd'n.
Ye die...

##..#.♣♣ ♣♣#..)#
#....♣.♣♣♣♣.....#
#.......♣..♣#...#
#...#..♣.♣♣♣#####
##.##♣♣♣♣♣ ...# ##.#
###### ##.#
#.##.#######
##.#####.##.....@.####
##.......#####.†.....#
.######### #..#.#..#
....####### #..#.#..#
....#.....# #....#..#
.#..#.....# #...##..#
..........# #..)##..#
....#.....# #.......#
.#.##....)# ###.#####


There were no monsters in sight!

Vanquished Creatures
  Grinder (D:3)
  A black bear (D:4)
  3 killer bees
  Crazy Yiuf (D:3)
  An orc wizard (D:3)
  A giant frog skeleton (D:4)
  An iguana (D:4)
  Robin (D:3)
  5 adders
  2 worms (D:2)
  2 dart slugs
  5 orcs
  5 giant cockroaches
  11 goblins
  9 hobgoblins
  6 jackals
  2 ball pythons
  4 bats
  2 giant newts
  6 kobolds
  2 rats
71 creatures vanquished.

Notes
Turn   | Place    | Note
--------------------------------------------------------------
     0 | D:1      | Heedrag the Minotaur Fighter began the quest for the Orb.
     0 | D:1      | Reached XP level 1. HP: 19/19 MP: 0/0
   304 | D:1      | Reached skill level 3 in Axes
   310 | D:1      | Reached XP level 2. HP: 23/26 MP: 1/1
   651 | D:2      | Reached skill level 4 in Axes
   711 | D:2      | Reached XP level 3. HP: 25/31 MP: 2/2
  1137 | D:3      | Reached skill level 5 in Axes
  1154 | D:3      | Reached XP level 4. HP: 22/40 MP: 3/3
  1309 | D:3      | Noticed Robin
  1323 | D:3      | Killed Robin
  1517 | D:3      | Noticed Crazy Yiuf
  1521 | D:3      | Killed Crazy Yiuf
  1521 | D:3      | Reached skill level 1 in Dodging
  1720 | D:3      | Noticed Grinder
  1743 | D:3      | Killed Grinder
  1743 | D:3      | Reached skill level 6 in Axes
  1743 | D:3      | Reached XP level 5. HP: 14/47 MP: 4/4
  1743 | D:3      | Reached XP level 6. HP: 16/53 MP: 5/5
  2085 | D:4      | Reached skill level 7 in Axes
  2193 | D:4      | Reached skill level 5 in Fighting
  2193 | D:4      | Reached XP level 7. HP: 57/61 MP: 6/6
  2211 | D:4      | Noticed Eustachio
  2228 | D:4      | Reached skill level 5 in Armour
  2250 | D:3      | HP: 2/61 [killer bee (4)]
  2251 | D:3      | Succumbed to a killer bee's poison

Skill      XL: |  1  2  3  4  5  6  7 |
---------------+----------------------+-----
Axes           | 3 4 5 6 7 |  7.4
Dodging        | 2 3 |  3.1
Fighting       | 4 5 |  5.2
Armour         | 4 5 |  5.1
Shields        | |  3.6

Action                   |  1- 3 |  4- 6 |  7- 9 || total
-------------------------+-------+-------+-------++-------
Melee: War axe           |    66 |    94 |    18 ||   178
       Headbutt          |    13 |    10 |     2 ||    25
  Use: Potion            |       |       |     1 ||     1
  Eat: Chunk             |     1 |     3 |       ||     4
Armor: Scale mail        |    28 |    34 |    16 ||    78
Dodge: Dodged            |    29 |    26 |    13 ||    68
Block: Shield            |    28 |    61 |    23 ||   112
